Map: Overgrowth LE (Void)

Players

Emil - Winner!

  • Race: Zerg Zerg
  • League: Diamond
  • Spawn Location: 7:00

SylvainDurif

  • Race: Protoss Protoss
  • Spawn Location: 1:00

VOD

Have the link to the VOD?

Description

Time

  • Played on: Nov. 24, 2016, 3:41 p.m.
  • Length: 14:25
Show
View Real Time Build Order
Export as new Build Order

Emil Zerg - Winner!

Build Orders: Pool First 

Get SALT Encoding   

  12  0:03  Drone  
  13  0:16  Overlord  
  13  0:27  Drone  
  14  0:35  Drone x2  
  16  0:46  Spawning Pool  
  15  1:07  Hatchery  
  14  1:12  Drone  
  14  1:13  Drone  
  14  1:17  Drone  
  17  1:24  Drone  
  18  1:34  Queen  
  19  2:06  Zergling x6  
  23  2:16  Hatchery  
  23  2:20  Extractor  
  21  2:27  Drone  
  22  2:34  Overlord  
  22  2:37  Extractor  
  21  2:49  Overlord  
  21  3:06  Drone  
  21  3:07  Drone x2  
  24  3:17  Drone  
  25  3:25  Queen  
  27  3:32  Drone  
  27  3:33  Drone x3  
  30  3:41  Queen  
  30  3:49  Roach Warren  
  29  4:25  Overlord  
  29  4:33  Roach x2  
  29  4:36  Roach x5  
  43  4:46  Roach  
  43  4:47  Spine Crawler  
  44  5:00  Ravager x3  
  44  5:04  Drone x5  
  52  5:09  Overlord  
  52  5:24  Overlord x2  
  52  5:34  Spine Crawler  
  52  5:35  Spore Crawler  
  50  5:43  Roach x3  
  50  5:46  Roach x4  
  50  5:47  Roach  
  50  5:49  Spore Crawler  
  65  5:50  Spore Crawler  
  64  5:59  Roach  
  64  6:00  Roach x3  
  72  6:21  Roach x2  
  76  6:50  Overlord x4  
  74  7:01  Overlord  
  72  7:07  Queen x2, Overlord  
  76  7:12  Drone x2  
  78  7:27  Drone x5  
  78  7:29  Ravager x4  
  87  7:43  Queen x2  
  85  7:54  Roach  
  85  7:55  Roach x4  
  86  8:04  Roach  
  71  8:14  Roach  
  69  8:40  Roach x3  
  71  8:47  Zergling x2, Queen x2  
  66  9:15  Roach  
  66  9:16  Roach  
  59  9:23  Queen  
  47  9:40  Drone  
  47  9:41  Drone x2  
  45  9:59  Spine Crawler  
  40  10:08  Roach x2  
  44  10:14  Zergling x2  
  44  10:15  Zergling x18  
  51  11:00  Roach  
  51  11:01  Roach x4  
  51  11:20  Extractor x2  
  51  11:21  Roach x2  
  53  11:26  Drone  
  53  11:27  Drone x10  
  64  11:59  Burrow  
  64  12:13  Hatchery  
  64  12:14  Roach  
  64  12:15  Roach  
  63  12:22  Roach  
  55  12:23  Roach  
  53  12:30  Roach  
  49  12:53  Roach x3  
  49  12:54  Zergling x2  
  49  12:55  Zergling x28  
  44  13:16  Drone  
  44  13:17  Drone x5  
  41  13:27  Lair  
  41  13:28  Drone x2  
  41  13:29  Drone x2  
  38  13:50  Roach x5  
  48  14:05  Roach x3  
Show
View Real Time Build Order
Export as new Build Order

SylvainDurif Protoss 

Build Orders: Cannon Rush 

Get SALT Encoding   

  12  0:01  Probe (Chrono Boost)  
  13  0:11  Probe (Chrono Boost)  
  14  0:19  Pylon  
  14  0:25  Probe (Chrono Boost)  
  15  0:37  Probe (Chrono Boost)  
  16  0:43  Forge  
  16  0:48  Probe (Chrono Boost)  
  17  0:58  Probe (Chrono Boost)  
  18  1:09  Probe (Chrono Boost)  
  19  1:22  Pylon  
  19  1:40  Photon Cannon  
  19  1:41  Pylon  
  19  1:43  Photon Cannon  
  19  1:48  Photon Cannon  
  19  2:02  Nexus  
  19  2:07  Gateway  
  19  2:23  Assimilator  
  19  2:30  Pylon, Assimilator  
  19  2:36  Probe (Chrono Boost)  
  20  2:41  Photon Cannon  
  20  2:47  Probe (Chrono Boost)  
  21  2:55  Cybernetics Core  
  21  2:57  Probe (Chrono Boost)  
  22  2:59  Pylon  
  22  3:01  Zealot  
  24  3:13  Photon Cannon  
  24  3:21  Photon Cannon  
  24  3:41  Cybernetics Core  
  24  3:45  Photon Cannon  
  25  3:49  Probe (Chrono Boost)  
  25  4:01  Probe (Chrono Boost)  
  25  4:02  Pylon  
  26  4:08  Photon Cannon  
  26  4:13  Probe (Chrono Boost), Warp Gate, Stalker  
  27  4:23  Pylon  
  31  4:24  Probe (Chrono Boost)  
  31  4:25  Probe (Chrono Boost)  
  31  4:36  Gateway  
  31  4:38  Probe (Chrono Boost)  
  32  4:53  Pylon  
  32  4:55  Probe (Chrono Boost)  
  32  4:56  Pylon  
  33  5:02  Stargate  
  33  5:06  Photon Cannon  
  34  5:08  Probe (Chrono Boost)  
  34  5:10  Probe (Chrono Boost)  
  37  5:23  Mothership Core (Chrono Boost)  
  37  5:25  Probe (Chrono Boost)  
  39  5:35  Probe (Chrono Boost)  
  39  5:36  Gateway  
  39  5:37  Gateway  
  40  5:43  Probe (Chrono Boost)  
  40  5:46  Probe (Chrono Boost)  
  40  5:49  Phoenix  
  43  5:53  Protoss Ground Weapons Level 1  
  44  5:58  Probe (Chrono Boost)  
  44  5:59  Assimilator  
  44  6:01  Probe (Chrono Boost)  
  45  6:10  Gateway  
  45  6:13  Gateway  
  45  6:14  Phoenix  
  47  6:33  Adept  
  47  6:34  Adept  
  47  6:38  Void Ray  
  55  6:53  Stalker x2  
  55  6:54  Stalker x2  
  63  7:14  Zealot x2  
  63  7:15  Zealot  
  69  7:16  Zealot  
  69  7:17  Zealot x2  
  75  7:40  Stalker  
  69  8:10  Pylon  
  69  8:13  Pylon  
  69  8:17  Pylon  
  69  8:43  Pylon  
  69  8:44  Pylon  
  69  8:46  Pylon, Void Ray  
  69  8:48  Pylon  
  61  9:10  Zealot x2  
  61  9:11  Zealot x3  
  47  9:41  Zealot x3  
  47  9:42  Zealot x2  
  49  9:54  Void Ray  
  47  10:07  Zealot x4  
  47  10:08  Zealot  
  57  10:21  Cybernetics Core  
  57  10:30  Zealot x5  
  53  11:02  Zealot x2  
  53  11:03  Zealot x2  
  43  11:22  Stalker  
  43  11:25  Sentry x2  
  49  11:38  Sentry x2  
  53  11:53  Sentry x2  
  53  11:54  Sentry  
Tags
 
Add a new tag
Caveats
  • Supply blocks, unpowered buildings, or Contaminate may cause inaccurate times.
  • Supply counts are checked every 10 seconds.